 Dungeon Crawl Stone Soup version 0.31.0-11-ge490571c62 (webtiles) character file.

Game seed: 16927571386743000821

107 qw the Skirmisher (level 4, 0/25 HPs)
             Began as a Deep Elf Hunter on Feb 4, 2024.
             Succumbed to an orc wizard's poison
             ... on level 2 of the Dungeon.
             The game lasted 00:00:50 (1495 turns).

qw the Skirmisher (Deep Elf Hunter)                 Turns: 1495, Time: 00:00:51

Health: 0/25       AC:  3    Str: 10    XL:     4   Next: 56%
Magic:  6/6        EV: 12    Int: 14    God:
Gold:   134        SH:  0    Dex: 18    Spells: 3/3 levels left

rFire   . . .        a - +0 shortbow (flame)
rCold   + . .        (shield currently unavailable)
rNeg    . . .        c - +0 leather armour
rPois   .            (no helmet)
rElec   .            (no cloak)
rCorr   .            (no gloves)
SInv    .            (no boots)
Will    .....        (no amulet)
Stlth   ++           g - ring of protection from cold
HPRegen 0.24/turn    (no ring)
MPRegen 0.10/turn

%: no passive effects
@: lethally poisoned (0 -> -7)
A: no striking features
a: no special abilities


You were on level 2 of the Dungeon.
You visited 1 branch of the dungeon, and saw 3 of its levels.

You collected 134 gold pieces.


   Skills:
 - Level 1.5 Fighting
 + Level 8.0 Ranged Weapons
 - Level 2.4 Dodging
 - Level 1.2 Stealth


You had 3 spell levels left.
You didn't know any spells.
Your spell library was empty.

Inventory:

Hand Weapons
 a - a +0 shortbow of flaming (weapon)
Armour
 c - a +0 leather armour (worn)
Jewellery
 g - a ring of protection from cold (left hand)
Potions
 f - a potion of might {unknown}
 i - a potion of invisibility {unknown}
 k - a potion of enlightenment {unknown}
 n - a potion of brilliance {unknown}

Dungeon Overview and Level Annotations

Branches:
Dungeon (3/15)

Altars:

Shops:
D:1 [


Message History

The arrow burns the orc wizard.
The orc wizard is heavily wounded.
The orc wizard completely misses you.
You shoot an arrow. The arrow barely misses the orc wizard.
The orc wizard casts a spell at you.
You are confused.
1487 ||| DRINKING potion of curing.
You feel better.
1487 ||| (to cure confusion)
The orc wizard hits you with a +1 dagger of venom.
You are poisoned.
You shoot an arrow.
The arrow closely misses the orc wizard.
You feel sick.
The orc wizard hits you with a +1 dagger of venom.
You shoot an arrow.
The arrow completely misses the orc wizard.
You feel sick. The orc wizard misses you.
You shoot an arrow. The arrow hits the orc wizard.
The arrow burns the orc wizard.
The orc wizard is heavily wounded.
You feel sick.
The orc wizard hits you with a +1 dagger of venom.
You are more poisoned.
You shoot an arrow. The arrow hits the orc wizard.
The arrow burns the orc wizard.
The orc wizard is severely wounded.
You feel very sick.
The orc wizard hits you with a +1 dagger of venom.
You are more poisoned.
You shoot an arrow. The arrow hits the orc wizard.
The arrow burns the orc wizard.
You kill the orc wizard!
You feel very sick.
Your Ranged Weapons skill increases to level 8!
There is a lethal amount of poison in your body!
You feel very sick.
There is a lethal amount of poison in your body!
You feel very sick.
There is a lethal amount of poison in your body!
You die...

###############
##################### #
#........############ #
#........############ #
#........####...##### #
#........####?#.##### #
####........####.#.#####
##########(......)..#####.#.#####
................@...#...#.#.#####
........##..........#.#.#.#.#####
........#####+#.....#.#...#.#####
........# #.#.....#.#.....#####
........# #.#...^.#.#.#########
........#####.##..#.#.....#
...........)......#.#..##.#
.#####........#......[.<#.# >#
#..............##..?.#


There were no monsters in sight!

Vanquished Creatures
  An orc wizard (D:2)
  A gnoll (D:1)
  3 adders (D:2)
  A ribbon worm (D:2)
  2 orcs (D:3)
  A ball python (D:1)
  3 endoplasms (D:1)
  4 goblins
  6 hobgoblins
  3 jackals (D:1)
  A quokka (D:2)
  4 bats
  2 frilled lizards (D:1)
  4 kobolds
  4 rats
40 creatures vanquished.

Notes
Turn   | Place    | Note
-------+----------+-------------------------------------------
     0 | D:1      | qw the Deep Elf Hunter began the quest for the Orb.
     0 | D:1      | Reached XP level 1. HP: 12/12 MP: 3/3
     0 | D:1      | 0 ||| qw: Version: 0.3-a-160-g6735b56
     0 | D:1      | 0 ||| qw: Game counter: 5973
     0 | D:1      | 0 ||| qw: Melee chars always use a shield: true
     0 | D:1      | 0 ||| qw: God list: Okawaru
     0 | D:1      | 0 ||| qw: Allow faded altars: false
     0 | D:1      | 0 ||| qw: Do Orc after clearing Dungeon:15 true
     0 | D:1      | 0 ||| qw: Do second Lair branch before Depths: true
     0 | D:1      | 0 ||| qw: Lair rune preference: random
     0 | D:1      | 0 ||| qw: Goals: Normal
     0 | D:1      | 0 ||| PLANNING D:1-11
   276 | D:1      | Reached skill level 6 in Ranged Weapons
   276 | D:1      | Reached XP level 2. HP: 16/16 MP: 4/4
   348 | D:1      | 348 ||| RETREEEEATING.
   357 | D:1      | HP: 4/16 [jackal (2)]
   508 | D:1      | Found Jeagg's Antique Armour Emporium.
   511 | D:1      | 511 ||| SHOPLISTING helmet (112 gold, have 61).
   511 | D:1      | 511 ||| SHOPLISTING ring mail (100 gold, have 61).
   511 | D:1      | 511 ||| SHOPLISTING spiked scale mail (225 gold, have 61).
   525 | D:1      | Reached XP level 3. HP: 20/20 MP: 5/5
   592 | D:1      | Found a faded altar of an unknown god.
   775 | D:1      | 775 ||| READING scroll labelled ESIUTI KOEDI.
   776 | D:1      | 776 ||| READING 2 scrolls labelled DINGYC WERIXZY.
   776 | D:1      | 776 ||| IDENTIFYING glowing grey potion
   777 | D:1      | 777 ||| READING scroll of identify.
   777 | D:1      | 777 ||| IDENTIFYING murky coppery potion
   778 | D:1      | 778 ||| READING scroll labelled LEINGY ATTILUNT.
   779 | D:1      | 779 ||| READING scroll labelled YSHRU TARILIEFE.
   784 | D:1      | 784 ||| READING scroll labelled GUGREM VATOR.
   784 | D:1      | 784 ||| BRANDING +0 shortbow.
   785 | D:1      | 785 ||| DROPPING scroll of butterflies.
   786 | D:1      | 786 ||| DROPPING potion of magic.
   896 | D:2      | Reached skill level 7 in Ranged Weapons
  1244 | D:2      | Reached XP level 4. HP: 25/25 MP: 6/6
  1351 | D:2      | 1351 ||| UPGRADING to ring of protection from cold.
  1352 | D:2      | 1352 ||| READING scroll of identify.
  1352 | D:2      | 1352 ||| IDENTIFYING brown potion
  1353 | D:2      | 1353 ||| READING 2 scrolls labelled FOCVIR DIZU.
  1354 | D:2      | 1354 ||| READING scroll labelled OWATHAEDWE.
  1355 | D:2      | 1355 ||| READING scroll labelled PEUTULL WAHI.
  1456 | D:2      | 1456 ||| READING scroll labelled HETANUK SEANT.
  1457 | D:2      | 1457 ||| DROPPING potion of ambrosia.
  1458 | D:2      | 1458 ||| DROPPING scroll of poison.
  1483 | D:3      | 1483 ||| STAIRDANCE
  1487 | D:2      | 1487 ||| DRINKING potion of curing.
  1487 | D:2      | 1487 ||| (to cure confusion)
  1493 | D:2      | Reached skill level 8 in Ranged Weapons
  1493 | D:2      | HP: 4/25 [poisoned by an orc wizard]
  1495 | D:2      | Succumbed to an orc wizard's poison

Levels and vault maps discovered:
D:1:      amcnicky_arrival_wind_blow, layout_loops_ring, serial_shops,
          nicolae_shop_pleasant_corner_grove,
          shapermc_ecumenical_altar_flowoftime, minmay_pentomino_v2
D:2:      layout_basic
D:3:      minmay_goblin_kobold_castle, layout_basic, minmay_goblin_kobold_house,
          uniq_sigmund

Skill      XL: |  1  2  3  4 |
---------------+-------------+-----
Ranged Weapons | 6 7 8 |  8.0
Fighting       | |  1.5
Dodging        | |  2.4
Stealth        | |  1.2

Action                     |  1- 3 |  4- 6 || total
---------------------------+-------+-------++-------
   Fire: Shortbow          |    96 |    15 ||   111
    Use: Scroll            |     6 |     5 ||    11
         Potion            |       |     1 ||     1
 Armour: Leather armour    |    26 |     5 ||    31
  Dodge: Dodged            |    36 |     4 ||    40

Table legend:
 A = Non-vault XP
 B = Vault XP
 C = Vault XP percentage of total XP
 D = Non-vault monster count
 E = Vault monster count
 F = Vault count percentage of total count
                 A         B        C        D         E       F
            +---------+---------+-------+---------+---------+-------
      Total |     151 |       2 |   1.3 |      39 |       1 |   2.5
            +---------+---------+-------+---------+---------+-------
        D:1 |      44 |       2 |   4.3 |      19 |       1 |   5.0
        D:2 |     101 |       0 |   0.0 |      18 |       0 |   0.0
        D:3 |       6 |       0 |   0.0 |       2 |       0 |   0.0
            +---------+---------+-------+---------+---------+-------
